 Dungeon Crawl Stone Soup version 0.19.1-1-g22dce08 (webtiles) character file.

23073 dngmouse the Fighter (level 13, -1/81 HPs)
             Began as a Vine Stalker Fighter on Jan 19, 2017.
             Was a High Priest of Makhleb.
             Slain by an orc knight
             ... wielding a +1 halberd
              (22 damage)
             ... on level 2 of the Orcish Mines.
             The game lasted 00:59:44 (10362 turns).

dngmouse the Fighter (Vine Stalker Fighter)        Turns: 10362, Time: 00:59:46

Health: -1/81      AC: 20    Str: 19    XL:     13   Next: 4%
Magic:  0/14       EV: 11    Int:  6    God:    Makhleb [*****.]
Gold:   1036       SH: 14    Dex: 31    Spells: 0 memorised, 12 levels left

rFire  + . .     SeeInvis .     a - +10 spear "Gykhlaad" {venom, Dex+5}
rCold  . . .     Gourm    .     P - +5 chain mail of the Forsaken Orbs {rPois rC- rN+ Dex+2}
rNeg   + . .     Faith    .     b - +0 shield
rPois  +         Spirit   +     i - +0 helmet
rElec  .         Reflect  +     y - +0 cloak
rCorr  .         Harm     .     (no gloves)
MR     +....                    U - +2 pair of boots {Stlth+}
Stlth  ..........               T - +3 amulet of reflection
                                c - ring of protection from cold
                                F - +5 ring of dexterity

@: no status effects
A: fangs 3, rugged brown scales 1, dopey 1, fire resistance 1, regeneration 2,
magic shield, antimagic bite, no device heal 3, rot immunity
a: Minor Destruction, Lesser Servant of Makhleb, Major Destruction, Greater
Servant of Makhleb, Renounce Religion


You were on level 2 of the Orcish Mines.
You worshipped Makhleb.
Makhleb was extremely pleased with you.
You were not hungry.

You visited 3 branches of the dungeon, and saw 14 of its levels.
You also visited: Ice Cave.

You collected 1088 gold pieces.
You spent 52 gold pieces at shops.

Inventory:

Hand Weapons
 a - the +10 spear "Gykhlaad" (weapon) {venom, Dex+5}
   (You found it on level 4 of the Dungeon)

   It poisons the flesh of those it strikes.
   It affects your dexterity (+5).
 s - the +9 flail "Toph" {elec, *Drain +Inv Dex+4, unknown}
   (You found it in an ice cave)

   Occasionally, upon striking a foe, it will discharge some electrical energy
   and cause terrible harm.
   It affects your dexterity (+4).
   It lets you turn invisible.
   It causes draining when unequipped.
 H - a +2 demon whip of electrocution
Armour
 b - a +0 shield (worn)
 i - a +0 helmet (worn)
 y - a +0 cloak (worn)
 D - a +0 plate armour
 P - the +5 chain mail of the Forsaken Orbs (worn) {rPois rC- rN+ Dex+2}
   (You found it on level 7 of the Dungeon)

   It affects your dexterity (+2).
   It makes you vulnerable to cold.
   It protects you from poison.
   It protects you from negative energy.
 U - a +2 pair of boots of stealth (worn)
Jewellery
 c - a ring of protection from cold (right hand)
 j - an uncursed ring of resist corrosion
 F - a +5 ring of dexterity (left hand)
 Q - the ring of Wabas {Str+3 Int-5 Stlth-}
   (You found it on level 8 of the Dungeon)

   [ring of loudness]

   It affects your strength (+3).
   It affects your intelligence (-5).
   It makes you less stealthy.
 T - a +3 amulet of reflection (around neck)
 W - an uncursed ring of ice
Wands
 p - a wand of confusion (15/48)
 A - a wand of slowing (24/48)
 G - a wand of acid (3/15)
 I - a wand of enslavement (1/24)
 J - a wand of flame (31/48)
 K - a wand of acid (2/15)
 L - a wand of enslavement (9/24)
 M - a wand of polymorph (19/24)
 N - a wand of teleportation (4/9)
 O - a wand of flame (33/48)
 Z - a wand of polymorph (16/24)
Scrolls
 e - 7 scrolls of remove curse
 k - 3 scrolls of enchant armour
 m - 2 scrolls of teleportation
 n - 2 scrolls of amnesia
 o - a scroll of recharging
 q - 2 scrolls of blinking
 E - 2 scrolls of fear
 V - a scroll of enchant weapon
 Y - a scroll of magic mapping
Potions
 g - 3 potions of lignification
 l - a potion of haste
 u - 5 potions of curing
 w - 2 potions of cancellation
 x - a potion of mutation
 B - a potion of resistance
Miscellaneous
 X - a phantom mirror
Comestibles
 d - 9 bread rations
 f - 9 meat rations
 h - 4 chunks of flesh
 t - 7 fruits
 z - a slice of pizza
 C - 2 beef jerkies
 S - a royal jelly


   Skills:
 * Level 14.3 Fighting
 - Level 2.4 Armour
 + Level 7.0 Dodging
 - Level 2.6 Shields
 + Level 11.9 Unarmed Combat


You had 12 spell levels left.
You didn't know any spells.

Dungeon Overview and Level Annotations

Branches:
Dungeon (11/15)            Temple (1/1) D:7            Lair (0/6) D:9
    Orc (2/2) D:11            Elf (0/3) Orc:2

Altars:
Ashenzari
Cheibriados
Dithmenos
Elyvilon
Fedhas
Gozag
Hepliaklqana
Kikubaaqudgha
Makhleb
Nemelex Xobeh
Okawaru
Qazlal
Ru
Sif Muna
Trog
Uskayaw
Vehumet
Xom
Yredelemnul
Zin
The Shining One
Beogh

Shops:
Orc:1 *


Innate Abilities, Weirdness & Mutations

You have razor-sharp teeth.
You heal very quickly.
When hurt, damage is shared between your health and your magic reserves.
Your bite disrupts and absorbs the magic of your enemies.
Potions and wands cannot restore your health.
You are immune to rotting.
You are partially covered in rugged brown scales. (AC +1, +3% HP)
You are dopey. (Int -2)
Your flesh is heat resistant. (rF+)


Message History

Beogh smites you!
Unknown command.
You hit the orc high priest.
The orc high priest looks as sick as possible!
You bite the orc high priest, but do no damage.
The orc high priest is severely wounded.
The orc knight no longer looks unusually strong.
The orc misses you.
The orc knight hits you from afar with an enchanted halberd!
* * * LOW HITPOINT WARNING * * *
You block the orc's attack.
The orc high priest hits you but does no damage.
The ice devil hits you but does no damage.
The orc priest barely misses you. The orc knight misses you.
Your shield and chain mail of the Forsaken Orbs prevent you from hitting the orc high priest.
You bite the orc high priest, but do no damage.
The orc high priest is severely wounded.
The orc barely misses you.
The orc knight hits you from afar with an enchanted halberd!!
You die...

.........## ###
##.#...#.....
..........##
#......=.....
.#.........##
##...#...#...
#..........#
#.....).....
#######...###
#...#.#..... #.......##
#.....).....
#..#...#..#
#....)<.....
#....3.o.4##
##.......###
#...#...#@o4# ##......#
# #.......ooo.#
#...#..##
....#..o#....##.......#
.............###...#.##
...#...#....# ##.####
...........# ##
..#.o.#....#
....o.....##


You could see 2 orc knights, an orc high priest, a hellwing, an ice devil, a
smoke demon, an orc priest and 2 orcs.

Vanquished Creatures
  A frost giant (IceCv)
  A hydra (D:11)
  A death yak (IceCv)
  A lindwurm (D:9)
  An orc knight (D:10)
  2 hill giants
  An ugly thing (D:11)
  The ghost of theAP the Basher, a novice GrFi (D:6)
  A manticore (D:11)
  An ice statue (IceCv)
  Joseph (D:7)
  A rime drake (IceCv)
  A komodo dragon (D:11)
  2 trolls
  A merfolk (D:10)
  A hornet (D:10)
  Grinder (D:3)
  13 polar bears (IceCv)
  A two-headed ogre (Orc:2)
  4 hippogriffs
  21 yaks
  A wyvern (D:9)
  A hungry ghost (D:6)
  A warg (D:11)
  2 water moccasins
  12 orc warriors
  A sky beast (D:10)
  3 ice beasts
  3 phantoms
  An eye of draining (D:11)
  2 necrophages (D:10)
  11 ogres
  15 wolves
  8 centaurs
  A gnoll sergeant (D:11)
  5 bullfrogs
  2 scorpions
  8 wights
  2 howler monkeys
  An electric eel (D:9)
  A bullfrog zombie (D:5)
  2 crimson imps (D:10)
  A quasit (D:10)
  2 jellies
  10 orc wizards
  3 centaur skeletons
  8 hounds
  Crazy Yiuf (D:3)
  16 orc priests
  A bullfrog skeleton (D:11)
  An iguana (D:6)
  5 worker ants
  A killer bee zombie (D:7)
  A hound skeleton (D:7)
  3 worker ant zombies
  Robin (D:3)
  A howler monkey zombie (D:11)
  9 gnolls
  11 adders
  A shadow imp (D:10)
  An ooze (D:2)
  2 adder zombies (D:9)
  An adder skeleton (D:5)
  3 worms
  2 dart slugs (D:1)
  5 leopard geckos
  47 orcs
  4 ball pythons
  7 bats
  5 giant cockroaches
  10 hobgoblins
  15 jackals
  6 kobolds
  4 quokkas
  3 frilled lizards
  15 goblins
  9 rats
356 creatures vanquished.

Vanquished Creatures (collateral kills)
  3 lindwurms (D:9)
3 creatures vanquished.

Vanquished Creatures (others)
  A wolf (IceCv)
  An orc priest (Orc:2)
2 creatures vanquished.

Grand Total: 361 creatures vanquished

Notes
Turn   | Place    | Note
-------+----------+-------------------------------------------
     0 | D:1      | dngmouse the Vine Stalker Fighter began the quest for the Orb.
     0 | D:1      | Reached XP level 1. HP: 11/11 MP: 2/2
   379 | D:1      | Reached XP level 2. HP: 13/16 MP: 1/3
   816 | D:1      | Reached XP level 3. HP: 19/19 MP: 4/4
  1083 | D:1      | Gained mutation: Your natural rate of healing is unusually fast. [Vine Stalker growth]
  1083 | D:1      | Reached XP level 4. HP: 22/23 MP: 5/5
  1762 | D:2      | Reached XP level 5. HP: 26/27 MP: 4/6
  1871 | D:2      | Found a bloodstained altar of Trog.
  1872 | D:2      | Found a stormy altar of Qazlal.
  1873 | D:2      | Found a glowing golden altar of the Shining One.
  1913 | D:2      | Reached skill level 5 in Unarmed Combat
  2162 | D:3      | Noticed Robin
  2202 | D:3      | Killed Robin
  2202 | D:3      | Reached skill level 3 in Fighting
  2315 | D:3      | Noticed Grinder
  2334 | D:3      | Killed Grinder
  2334 | D:3      | Reached XP level 6. HP: 28/33 MP: 7/7
  2617 | D:3      | Found a runed door.
  2871 | D:3      | Noticed Crazy Yiuf
  2882 | D:3      | Killed Crazy Yiuf
  2882 | D:3      | Reached XP level 7. HP: 37/37 MP: 5/8
  3032 | D:4      | Got a transparent spear
  3033 | D:4      | Identified the +10 spear "Gykhlaad" {venom, Dex+5} (You found it on level 4 of the Dungeon)
  3251 | D:4      | Reached skill level 4 in Fighting
  3733 | D:5      | Entered Level 5 of the Dungeon
  3859 | D:5      | Reached skill level 5 in Fighting
  4039 | D:5      | Reached skill level 6 in Fighting
  4039 | D:5      | Gained mutation: You have razor-sharp teeth. [Vine Stalker growth]
  4039 | D:5      | Reached XP level 8. HP: 44/44 MP: 9/9
  4567 | D:6      | Reached skill level 7 in Fighting
  4832 | D:6      | Noticed theAP's ghost (novice GrFi)
  4842 | D:6      | Killed theAP's ghost
  4842 | D:6      | Reached skill level 8 in Fighting
  4842 | D:6      | Reached XP level 9. HP: 52/52 MP: 10/10
  5161 | D:7      | Noticed Joseph
  5213 | D:7      | Killed Joseph
  5213 | D:7      | Reached skill level 9 in Fighting
  5380 | D:7      | Found a blossoming altar of Fedhas.
  5411 | D:7      | Found a staircase to the Ecumenical Temple.
  5413 | D:7      | Got a faintly humming chain mail
  5414 | D:7      | Identified the +5 chain mail of the Forsaken Orbs {rPois rC- rN+ Dex+2} (You found it on level 7 of the Dungeon)
  5434 | Temple   | Entered the Ecumenical Temple
  5954 | D:8      | Found a burning altar of Makhleb.
  5958 | D:8      | Became a worshipper of Makhleb the Destroyer
  5962 | D:8      | Found an ancient bone altar of Kikubaaqudgha.
  5965 | D:8      | Found a shimmering altar of Xom.
  6060 | D:8      | Reached skill level 1 in Dodging
  6122 | D:8      | Got a sparkling glass ring
  6123 | D:8      | Identified the ring of Wabas {Str+3 Int-5 Stlth-} (You found it on level 8 of the Dungeon)
  6141 | D:8      | Reached skill level 10 in Fighting
  6680 | D:9      | Reached XP level 10. HP: 57/59 MP: 11/11
  6683 | D:9      | Noticed a hill giant
  6857 | D:9      | Reached * piety under Makhleb
  6881 | D:9      | Gained mutation: Your flesh is heat resistant. (rF+) [potion of mutation]
  6881 | D:9      | Gained mutation: You are partially covered in rugged brown scales. (AC +1, +3% HP) [potion of mutation]
  6881 | D:9      | Gained mutation: You are dopey. (Int -2) [potion of mutation]
  7039 | D:9      | Found a staircase to the Lair.
  7129 | D:9      | Killed a hill giant
  7129 | D:9      | Reached skill level 11 in Fighting
  7327 | D:9      | Noticed a lindwurm
  7349 | D:9      | Noticed a lindwurm
  7436 | D:9      | Noticed a lindwurm
  7453 | D:9      | Noticed a lindwurm
  7486 | D:9      | Killed a lindwurm
  7489 | D:9      | Killed a lindwurm
  7495 | D:9      | Killed a lindwurm
  7510 | D:9      | Killed a lindwurm
  7700 | D:10     | Entered Level 10 of the Dungeon
  7727 | D:10     | Reached XP level 11. HP: 65/66 MP: 12/12
  7871 | D:10     | Noticed a hill giant
  7887 | D:10     | Killed a hill giant
  7889 | D:10     | Reached ** piety under Makhleb
  7991 | D:10     | Reached skill level 10 in Unarmed Combat
  8027 | D:10     | Reached skill level 12 in Fighting
  8522 | D:11     | Noticed a white ugly thing
  8535 | D:11     | Killed a white ugly thing
  8672 | D:11     | Reached skill level 5 in Dodging
  8730 | D:11     | Noticed an eight-headed hydra
  8741 | D:11     | Killed an eight-headed hydra
  8868 | D:11     | Reached *** piety under Makhleb
  8949 | D:11     | Noticed a manticore
  8958 | D:11     | Killed a manticore
  8971 | D:11     | Found a roughly hewn altar of Beogh.
  8971 | D:11     | Found a staircase to the Orcish Mines.
  8972 | D:11     | Noticed an orc knight
  9131 | D:10     | Killed an orc knight
  9203 | D:11     | Reached skill level 13 in Fighting
  9203 | D:11     | Gained mutation: You heal very quickly. [Vine Stalker growth]
  9203 | D:11     | Reached XP level 12. HP: 71/75 MP: 13/13
  9229 | Orc:1    | Entered Level 1 of the Orcish Mines
  9229 | Orc:1    | Found Wedumec's General Store.
  9277 | Orc:1    | Bought a scroll of magic mapping for 52 gold pieces
  9390 | Orc:2    | Entered Level 2 of the Orcish Mines
  9403 | Orc:2    | Found a frozen archway.
  9408 | IceCv    | Entered an ice cave
  9539 | IceCv    | Reached **** piety under Makhleb
  9587 | IceCv    | Noticed a death yak
  9597 | IceCv    | Killed a death yak
  9779 | IceCv    | Noticed a frost giant
  9798 | IceCv    | Killed a frost giant
  9798 | IceCv    | Reached skill level 14 in Fighting
  9846 | IceCv    | Got an ancient flail
 10172 | Orc:2    | Found a staircase to the Elven Halls.
 10178 | Orc:2    | Reached XP level 13. HP: 67/81 MP: 14/14
 10184 | Orc:2    | Reached ***** piety under Makhleb
 10362 | Orc:2    | Slain by an orc knight

Skill      XL: |  1  2  3  4  5  6  7  8  9 10 11 12 13 |
---------------+----------------------------------------+-----
Unarmed Combat | 3 4 6 7 8 9 10 11 | 11.9
Fighting       | 3 6 8 10 11 13 14 | 14.3
Dodging        | 1 3 5 6 7 |  7.0
Armour         | |  2.4
Shields        | |  2.6

Action                   |  1- 3 |  4- 6 |  7- 9 | 10-12 | 13-15 || total
-------------------------+-------+-------+-------+-------+-------++-------
Melee: Unarmed           |   106 |   219 |     5 |       |       ||   330
       Bite              |    35 |    69 |    65 |   280 |    35 ||   484
       Spear             |       |       |   196 |   556 |    58 ||   810
Invok: Minor Destruction |       |       |       |     2 |       ||     2
Evoke: Wand              |       |       |       |    14 |       ||    14
  Use: Scroll            |       |     1 |     3 |    20 |       ||    24
       Potion            |       |       |     2 |    14 |     1 ||    17
  Eat: Chunk             |       |     7 |    14 |    12 |     2 ||    35
Armor: Scale mail        |    40 |    45 |       |       |       ||    85
       Chain mail        |       |    50 |    18 |   211 |    28 ||   307
       Plate armour      |       |       |    31 |   132 |       ||   163
       Skin              |       |       |     3 |       |       ||     3
Dodge: Dodged            |    30 |    48 |    14 |   203 |    28 ||   323
Block: Shield            |    51 |   101 |    66 |   396 |    59 ||   673
